Map: Ruins of Seras

Players

LiquidTLO (TLO) - Winner!

  • Race: Zerg Zerg
  • League: Grandmaster

Lilbow

  • Race: Protoss Protoss

Event: DreamHack ROCCAT LotV Championship

VOD

Have the link to the VOD?

Description

Time

  • Played on: Nov. 26, 2015, 2:50 p.m.
  • Length: 8:22

All games in this series

Show
View Real Time Build Order
Export as new Build Order

LiquidTLO Zerg - Winner!

Build Orders: Hatch First 

Get SALT Encoding   

  12  0:01  Drone  
  13  0:12  Overlord  
  13  0:18  Drone  
  14  0:30  Drone  
  14  0:31  Drone  
  16  0:50  Hatchery  
  16  0:53  Drone  
  16  0:56  Drone  
  17  1:11  Spawning Pool  
  16  1:14  Drone  
  16  1:17  Drone  
  18  1:41  Hatchery, Drone  
  18  1:46  Drone  
  19  1:49  Drone  
  20  1:57  Queen  
  22  2:05  Drone  
  22  2:07  Drone  
  24  2:12  Queen  
  27  2:15  Zergling x2  
  27  2:20  Overlord  
  27  2:23  Drone  
  28  2:33  Extractor  
  28  2:35  Extractor, Queen  
  30  2:42  Drone  
  31  2:46  Drone x2  
  31  2:48  Drone, Queen  
  36  2:55  Queen  
  38  2:59  Overlord  
  38  3:03  Extractor  
  38  3:04  Drone, Extractor  
  37  3:08  Drone  
  37  3:12  Drone  
  39  3:15  Drone  
  39  3:16  Drone  
  39  3:17  Drone  
  39  3:18  Drone  
  39  3:19  Drone  
  44  3:22  Drone  
  44  3:27  Overlord  
  44  3:29  Overlord  
  44  3:34  Zergling x4  
  45  3:38  Overlord  
  46  3:42  Drone x2  
  46  3:47  Metabolic Boost  
  48  3:49  Drone  
  48  3:50  Drone  
  48  3:54  Drone  
  51  3:57  Zergling x2  
  51  4:00  Evolution Chamber  
  51  4:01  Drone  
  51  4:02  Zergling x2  
  53  4:03  Drone  
  53  4:06  Overlord  
  53  4:07  Drone  
  53  4:09  Drone  
  56  4:12  Zergling x2  
  56  4:16  Zergling x2  
  58  4:17  Drone  
  58  4:18  Drone x2  
  61  4:24  Drone  
  61  4:31  Drone  
  61  4:32  Drone  
  61  4:33  Lair, Zerg Melee Weapons Level 1  
  61  4:34  Overlord  
  61  4:35  Drone  
  63  4:38  Extractor  
  63  4:39  Extractor  
  63  4:40  Drone x3  
  63  4:42  Drone  
  63  4:44  Spore Crawler  
  64  4:46  Drone  
  64  4:47  Drone  
  64  4:48  Drone  
  64  4:51  Drone  
  69  4:52  Drone  
  69  4:53  Drone  
  69  4:54  Drone  
  69  4:57  Drone  
  69  4:58  Drone  
  69  4:59  Drone  
  74  5:01  Drone  
  74  5:03  Drone  
  74  5:04  Spore Crawler  
  74  5:06  Drone  
  74  5:07  Drone  
  77  5:09  Zergling x4  
  78  5:14  Zergling x2  
  78  5:15  Zergling x2  
  78  5:17  Zergling x2  
  78  5:18  Zergling x4  
  82  5:22  Extractor  
  82  5:23  Extractor, Zergling x2  
  82  5:24  Zergling x2  
  82  5:26  Overlord  
  82  5:28  Overlord, Spore Crawler  
  82  5:33  Spire, Zergling x2  
  81  5:35  Zergling x2  
  81  5:39  Baneling Nest  
  81  5:40  Drone  
  82  5:49  Drone x2  
  84  5:50  Drone  
  84  5:51  Drone x3, Overlord  
  84  5:53  Zergling x2  
  84  5:54  Overlord x2  
  84  5:55  Zergling x2  
  90  5:58  Overlord  
  89  6:07  Zergling x2  
  89  6:08  Zergling x2  
  89  6:09  Zergling x2  
  89  6:10  Zergling x6  
  91  6:14  Overseer  
  91  6:15  Zergling x2  
  91  6:16  Zergling x4  
  91  6:17  Zergling x4  
  92  6:23  Zergling x2  
  92  6:25  Zergling x2  
  90  6:30  Zergling x6  
  90  6:31  Zergling x10  
  90  6:32  Zergling x2  
  87  6:44  Mutalisk x5  
  87  6:46  Mutalisk, Zergling x2  
  98  6:50  Mutalisk  
  99  6:58  Overlord  
  99  7:00  Overlord x2  
  99  7:02  Overlord  
  94  7:16  Mutalisk  
  94  7:18  Zergling x4  
  94  7:19  Zergling x6  
  94  7:22  Zergling x2  
  89  7:24  Mutalisk, Zergling x4  
  89  7:26  Zergling x6  
  89  7:27  Mutalisk  
  89  7:29  Mutalisk  
  89  7:30  Mutalisk  
  89  7:33  Mutalisk  
  89  7:36  Mutalisk  
  88  7:38  Zergling x2  
  88  7:39  Zergling x2  
  88  7:42  Mutalisk  
  90  7:47  Mutalisk  
  90  7:50  Zergling x2  
  93  7:53  Spore Crawler, Zergling x2  
  93  7:55  Zergling x2  
  93  8:02  Zergling x2  
Show
View Real Time Build Order
Export as new Build Order

Lilbow Protoss 

Build Orders:  

Get SALT Encoding   

  12  0:01  Probe (Chrono Boost)  
  13  0:12  Probe (Chrono Boost)  
  14  0:20  Pylon  
  14  0:22  Probe (Chrono Boost)  
  15  0:38  Probe (Chrono Boost)  
  16  0:49  Probe (Chrono Boost)  
  17  0:59  Probe (Chrono Boost)  
  18  1:08  Nexus  
  18  1:10  Probe (Chrono Boost)  
  19  1:20  Probe (Chrono Boost)  
  19  1:21  Gateway  
  20  1:26  Assimilator  
  20  1:31  Probe (Chrono Boost)  
  21  1:34  Assimilator  
  21  1:42  Probe (Chrono Boost)  
  22  1:50  Pylon  
  22  1:52  Probe (Chrono Boost)  
  23  1:57  Gateway  
  23  2:09  Probe (Chrono Boost)  
  23  2:11  Cybernetics Core  
  24  2:19  Probe (Chrono Boost)  
  24  2:20  Probe (Chrono Boost)  
  26  2:30  Probe (Chrono Boost)  
  26  2:31  Probe (Chrono Boost)  
  28  2:40  Probe (Chrono Boost)  
  28  2:41  Probe (Chrono Boost)  
  30  2:47  Stalker x2 (Chrono Boost)  
  34  2:52  Mothership Core, Probe  
  34  2:55  Warp Gate  
  37  3:02  Pylon  
  37  3:04  Probe  
  38  3:13  Probe  
  38  3:14  Stalker (Chrono Boost)  
  38  3:16  Probe  
  38  3:17  Stalker (Chrono Boost)  
  44  3:25  Probe  
  45  3:28  Probe  
  46  3:35  Twilight Council  
  46  3:38  Probe (Chrono Boost)  
  46  3:40  Zealot (Chrono Boost)  
  46  3:41  Probe (Chrono Boost)  
  50  3:49  Probe (Chrono Boost)  
  50  3:52  Probe (Chrono Boost)  
  50  3:55  Pylon  
  52  3:56  Pylon  
  52  4:00  Probe (Chrono Boost)  
  52  4:02  Probe (Chrono Boost)  
  53  4:04  Assimilator  
  53  4:10  Probe (Chrono Boost)  
  53  4:13  Probe (Chrono Boost), Dark Shrine  
  53  4:14  Pylon  
  55  4:19  Gateway  
  55  4:21  Probe (Chrono Boost)  
  55  4:24  Probe (Chrono Boost)  
  57  4:32  Probe (Chrono Boost)  
  57  4:34  Assimilator  
  57  4:36  Blink (Chrono Boost)  
  56  4:39  Gateway x2  
  56  4:45  Gateway  
  56  4:49  Gateway  
  56  4:50  Pylon  
  56  4:54  Pylon  
  56  5:05  Stalker  
  56  5:25  Dark Templar x2, Pylon  
  60  5:29  Dark Templar  
  60  5:34  Stalker x2  
  66  5:41  Stalker  
  68  5:47  Stalker  
  70  5:59  Stalker x2  
  70  6:01  Stalker x3  
  80  6:05  Pylon  
  76  6:18  Pylon  
  76  6:25  Stalker x6, Pylon  
  83  6:39  Stalker  
  83  6:54  Stalker x5  
  83  6:55  Stalker  
  95  7:05  Stalker  
  97  7:20  Stalker  
  97  7:21  Stalker x4  
  71  7:40  Stalker x2  
  63  7:47  Stalker x4  
  71  7:53  Stalker  
  73  8:04  Stalker x2  
  71  8:08  Zealot x2  
  61  8:15  Stalker  
  61  8:18  Stalker x2  

Tags
 
Add a new tag
Caveats
  • Supply blocks, unpowered buildings, or Contaminate may cause inaccurate times.
  • Supply counts are checked every 10 seconds.